 Dungeon Crawl Stone Soup version 0.28-a0-620-g539b0f7ac7 (webtiles) character file.

Game seed: 7277047515135955916

5444 sleeves the Covert (level 10, -8/53 HPs)
             Began as a Vine Stalker Delver on Oct 6, 2021.
             Was a Follower of Kikubaaqudgha.
             Mangled by Gastronok (26 damage)
             ... on level 8 of the Dungeon.
             The game lasted 00:23:38 (7547 turns).

sleeves the Covert (Vine Stalker Delver)            Turns: 7547, Time: 00:23:38

Health: -8/53      AC:  6    Str: 17    XL:     10   Next: 68%
Magic:  0/11       EV: 16    Int: 12    God:    Kikubaaqudgha [*.....]
Gold:   419        SH:  0    Dex: 21    Spells: 7/9 levels left

rFire   . . .      SeeInvis .   H - +1 dagger (speed)
rCold   . . .      Faith    .   (no shield)
rNeg    + . .      Spirit   +   D - +0 steam dragon scales
rPois   .          Reflect  .   (no helmet)
rElec   .          Harm     .   (no cloak)
rCorr   .          Rampage  .   t - +0 pair of gloves
Will    +....                   (no boots)
Stlth   +++++.....              (no amulet)
HPRegen 1.17/turn               k - +6 ring of dexterity
MPRegen 0.12/turn               x - ring of positive energy

@: hasted, very quick
A: fangs 3, regeneration 1, magic shield, antimagic bite, no potion heal 2
a: Renounce Religion, Receive Corpses


You were on level 8 of the Dungeon.
You worshipped Kikubaaqudgha.
Kikubaaqudgha was aware of your devotion.
You visited 2 branches of the dungeon, and saw 9 of its levels.

You collected 419 gold pieces.

Inventory:

Hand Weapons
 p - a +4 dagger of holy wrath
   (You took it off a goblin on level 2 of the Dungeon)
 H - a +1 dagger of speed (weapon)
   (You took it off an orc wizard on level 7 of the Dungeon)
Missiles
 l - 22 poisoned darts (quivered)
 q - 4 throwing nets
 u - 2 atropa-tipped darts
Armour
 t - a +0 pair of gloves (worn)
   (You found it on level 3 of the Dungeon)
 z - a +2 chain mail of fire resistance
   (You took it off an orc on level 4 of the Dungeon)
 D - +0 steam dragon scales (worn)
   (You found it on level 6 of the Dungeon)
Jewellery
 k - a +6 ring of dexterity (left hand)
   (You found it on level 1 of the Dungeon)
 x - a ring of positive energy (right hand)
   (You found it on level 5 of the Dungeon)
Wands
 g - a wand of digging (6)
 v - a wand of polymorph (7)
   (You found it on level 5 of the Dungeon)
 A - a wand of mindburst (17)
   (You found it on level 6 of the Dungeon)
Scrolls
 a - 5 scrolls of immolation {unknown}
 b - 4 scrolls of enchant weapon {unknown}
 c - 4 scrolls of fog
 d - 5 scrolls of magic mapping
 e - a scroll of fear
 h - 3 scrolls of identify {unknown}
 o - a scroll of brand weapon {unknown}
 s - 3 scrolls of vulnerability {unknown}
 w - a scroll of acquirement {unknown}
 y - 2 scrolls of amnesia {unknown}
 C - a scroll of noise {unknown}
 E - 2 scrolls of teleportation {unknown}
Potions
 f - 3 potions of haste
 i - a potion of cancellation {unknown}
 j - 2 potions of heal wounds {unknown}
 m - a potion of invisibility {unknown}
 n - 4 potions of curing {unknown}
 r - a potion of flight {unknown}
 B - a potion of berserk rage {unknown}
 F - 2 potions of ambrosia {unknown}
 G - a potion of resistance


   Skills:
 + Level 6.7 Fighting
 - Level 8.0 Short Blades
 + Level 5.8 Dodging
 + Level 12.4 Stealth
 + Level 3.0 Necromancy


You had 7 spell levels left.
You knew the following spells:

 Your Spells              Type           Power      Damage    Failure   Level
a - Corpse Rot            Necr/Air       N/A        N/A       26%         2

Your spell library contained the following spells:

 Spells                   Type           Power      Damage    Failure   Level
 Pain                     Necr           28%        1d5       10%         1
 Sublimation of Blood     Necr           3%         N/A       14%         2
 Vampiric Draining        Necr           3%         2d6       28%         3
 Summon Small Mammal      Summ           0%         N/A       32%         1
 Call Canine Familiar     Summ           0%         N/A       69%         3
 Summon Guardian Golem    Hex/Summ       0%         N/A       69%         3


Dungeon Overview and Level Annotations

Branches:
Dungeon (8/15)             Temple (1/1) D:5
   Lair: D:8-11

Altars:
Ashenzari
Cheibriados
Dithmenos
Elyvilon
Fedhas
Gozag
Hepliaklqana
Kikubaaqudgha
Makhleb
Okawaru
Qazlal
Ru
Sif Muna
Trog
Uskayaw
Xom
Yredelemnul
Zin
The Shining One

Annotations:
D:4 2 transporters, hgbash's ghost, weakling GrEE
D:8 Gastronok


Innate Abilities, Weirdness & Mutations

You have razor-sharp teeth.
Your natural rate of healing is unusually fast.
When hurt, damage is shared between your health and your magic reserves.
Your bite disrupts and absorbs the magic of your enemies.
Potions cannot restore your health.


Message History

Kikubaaqudgha accepts your kill.
The gnoll hits you from afar with a +0 spear.
The gnoll closely misses you.
You see here a +0 flail.
You hit the gnoll. You bite the gnoll. You drain its power.
You feel invigorated.
The gnoll is almost dead.
The gnoll hits you with a +0 spear.
You closely miss the gnoll. Your bite misses the gnoll.
The gnoll is almost dead.
You completely miss the gnoll. Your bite misses the gnoll.
The gnoll is almost dead.
The gnoll hits you with a +0 spear.
You barely miss the gnoll.
The gnoll is almost dead.
You hit the gnoll.
You kill the gnoll!
Kikubaaqudgha accepts your kill.
You see here a +0 spear.
Magic restored.
You see here a +0 flail.
Items here: )) [ †.
You see here a +0 flail.
You see here a +0 spear.
There is an open door here.
A hound is nearby!
A hound is nearby!
The helpless hound fails to defend itself.
You skewer the hound like a kebab!!!!
You kill the hound!
Kikubaaqudgha accepts your kill.
No target in view!
An orc comes into view. It is wielding a +0 club.
An orc is nearby!
An orc is nearby!
An orc is nearby! 2 orcs and 2 orc wizards come into view.
An orc wizard is wielding a +1 dagger of speed.
There is an open door here.
The helpless orc fails to defend itself.
You stick the orc like a pincushion!!!!
You kill the orc!
Kikubaaqudgha accepts your kill.
Things that are here:
a +0 flail; a +0 leather armour; an orc corpse The helpless orc wizard fails to defend itself.
You skewer the orc wizard like a kebab!!!!
You kill the orc wizard!
Kikubaaqudgha accepts your kill.
The orc shouts! x2; The orc wizard shouts!
You hit the orc wizard. You bite the orc wizard.
The orc wizard's magic leaks into the air.
You drain its magic.
The orc wizard is severely wounded.
The orc wizard barely misses you.
You barely miss the orc wizard.
You bite the orc wizard, but do no damage.
The orc wizard is severely wounded.
You hit the orc wizard.
The orc wizard is almost dead.
The orc hits you with a +0 club. The orc wizard closely misses you.
You hit the orc wizard.
You kill the orc wizard!
Kikubaaqudgha accepts your kill. The orc hits you but does no damage.
You hit the orc. You bite the orc.
You kill the orc!
Kikubaaqudgha accepts your kill.
You hit the orc.
The orc is heavily wounded.
The orc hits you but does no damage.
A gnoll comes into view. It is wielding a +0 spear.
The gnoll shouts!
You hit the orc.
You kill the orc!
Kikubaaqudgha accepts your kill.
Things that are here:
a +0 flail; a +0 leather armour; an orc corpse The gnoll throws a javelin.
The javelin barely misses you.
The gnoll drinks a potion.
The gnoll suddenly seems more resistant.
You puncture the gnoll!
The gnoll is heavily wounded.
The gnoll closely misses you.
You hit the gnoll. You bite the gnoll, but do no damage.
The gnoll is almost dead.
The gnoll completely misses you.
You hit the gnoll.
You kill the gnoll!
Kikubaaqudgha accepts your kill.
No target in view!
Things that are here:
a +0 spear; 2 javelins; a gnoll corpse
Things that are here:
a +0 flail; a +0 leather armour; an orc corpse
Items here: )) [[.
Items here: )) [[.
Press: ? - help, v - describe, . - travel, g - get item
Items here: )) [[.
The floor.
H - a +1 dagger of speed Your +4 dagger of holy wrath stops glowing.
Your hands tingle!
H - a +1 dagger of speed (weapon)
Things that are here:
a +0 dagger; a +0 robe; an orc corpse You see here a +0 club.
There is an open door here.
There is an open door here.
You open the door.
There is an open door here.
You open the door.
Found 18 stones.
There is an open door here.
You open the door.
There is an open door here.
You open the door.
There is an open door here.
You open the door.
There is an open door here.
a - 4 scrolls labelled ZEHYRPH ULOEDO (gained 1)
You now have 419 gold pieces (gained 12).
You open the door. You open the door.
There is an open door here.
You open the door.
There is an open door here.
s - 3 scrolls labelled CUGUESTANOI (gained 1)
You open the door.
There is an open door here.
You open the door.
There is an open door here.
There is an open door here.
You open the door.
There is an open door here.
You see here 18 stones.
Key pressed, stopping explore.
You open the door.
There is an open door here.
a - 5 scrolls labelled ZEHYRPH ULOEDO (gained 1)
There is an open door here.
You open the door.
A scorpion comes into view.
There is an open door here.
A scorpion is nearby!
A scorpion is nearby!
The scorpion stings you but does no damage.
You completely miss the scorpion.
You bite the scorpion, but do no damage.
You hit the scorpion but do no damage. Your bite misses the scorpion.
The scorpion stings you but does no damage.
You hit the scorpion but do no damage.
You bite the scorpion, but do no damage.
You hit the scorpion but do no damage.
You bite the scorpion, but do no damage.
The scorpion stings you.
You hit the scorpion but do no damage. You bite the scorpion.
You drain its power.
You feel invigorated.
The scorpion is moderately wounded.
You closely miss the scorpion. You bite the scorpion. You drain its power.
The scorpion is moderately wounded.
The scorpion stings you.
You hit the scorpion. You bite the scorpion. You drain its power.
You feel invigorated.
The scorpion is severely wounded.
You hit the scorpion but do no damage.
You bite the scorpion, but do no damage.
The scorpion is severely wounded.
The scorpion barely misses you.
You hit the scorpion but do no damage. You bite the scorpion.
You kill the scorpion!
Kikubaaqudgha accepts your kill.
Your Necromancy skill increases to level 1!
No target in view!
E - 2 scrolls labelled AWNE GODAIFUF (gained 1)
There is an open door here.
There is an open door here.
There is an open door here.
Found a club.
You feel as though Xom is toying with you.
Suddenly, the walls become transparent!
You open the door.
A jelly comes into view.
A jelly is nearby!
The jelly quivers.
The jelly completely misses you.
There is an open door here.
You hit the jelly.
Your hands burn!
You bite the jelly. You drain its power.
You feel invigorated.
The jelly is heavily wounded.
You hit the jelly.
Your hands burn!
The jelly is severely wounded.
You hit the jelly. The acid corrodes you!
Your hands burn!
You bite the jelly. You drain its power.
The jelly is almost dead.
You hit the jelly.
You kill the jelly!
Kikubaaqudgha accepts your kill.
No target in view!
No target in view!
You open the door.
Found a shimmering altar of Xom.
No target in view!
No target in view!
No target in view!
Found a stone staircase leading down.
There is an open door here.
You open the door.
An iguana comes into view.
An iguana is nearby!
The iguana hisses angrily.
The iguana barely misses you.
There is an open door here.
You closely miss the iguana. Your bite misses the iguana.
The iguana bites you but does no damage.
You barely miss the iguana. You hit the iguana. You bite the iguana.
You kill the iguana!
Kikubaaqudgha accepts your kill.
No target in view!
No target in view!
You see here an iguana corpse.
You open the door.
There is an open door here.
You are no longer corroded.
You open the door.
A jelly is nearby!
A jelly is nearby!
The jelly hits you but does no damage.
There is an open door here.
You hit the jelly.
Your hands burn!
The jelly is lightly wounded.
You hit the jelly.
Your hands burn!
You bite the jelly! You drain its power.
You feel invigorated.
The jelly is almost dead.
You completely miss the jelly. You bite the jelly.
You kill the jelly!
Kikubaaqudgha accepts your kill.
No target in view!
There is an open door here.
There is an open door here.
f - 4 potions of haste (gained 1)
You see here a +0 trident.
A water moccasin comes into view.
A water moccasin is nearby!
A water moccasin is nearby!
The helpless water moccasin fails to defend itself.
You perforate the water moccasin like a sieve!!!!
You kill the water moccasin!
Kikubaaqudgha accepts your kill.
No target in view!
Done exploring.
Done exploring.
Done exploring.
Done exploring.
(D) Dungeon (T) Temple
Where to? (Enter - D:7, ? - help)
There is an open door here.
There is a stone staircase leading down here.
You climb downwards.
There is a stone staircase leading up here.
There are monsters nearby!
Unknown command.
The helpless Harold fails to defend himself.
You perforate Harold like a sieve!!!!
You kill Harold!
Kikubaaqudgha accepts your kill.
Your Stealth skill increases to level 12!
Your Necromancy skill increases to level 2!
The wolf howls!
Grum growls angrily.
The wolf howls! x2
You climb upwards.
There is a stone staircase leading down here.
There is an open door here.
There is a stone staircase leading down here.
You climb downwards.
Level annotation: Grum The yak bellows! x5
The yak gores you. The yak misses you.
The centaur shouts!
Found 26 sling bullets.
Found a stone staircase leading down.
There is a stone staircase leading up here.
The yak barely misses you.
The yak gores you! x2; The yak gores you.
The yak closely misses you.
You climb upwards.
There is a stone staircase leading down here.
Aiming: Dig
Press: ? - help, Shift-Dir - straight line A rock wall.
The rock shatters into small pieces.
The yak misses you. x2
The yak barely misses you. The yak gores you.
There is an open door here.
There is a stone staircase leading up here.
You hit the yak. Your bite misses the yak.
The yak is lightly wounded.
You completely miss the yak. You bite the yak. You drain its power.
You feel invigorated.
The yak is lightly wounded.
The yak misses you.
You hit the yak but do no damage. Your bite misses the yak.
The yak is lightly wounded.
You hit the yak. You bite the yak, but do no damage.
The yak is lightly wounded.
You hit the yak. You bite the yak! You drain its power.
The yak is heavily wounded.
The yak gores you!
You hit the yak but do no damage.
The yak is heavily wounded.
The yak gores you! The yak closely misses you.
You climb upwards.
There is a stone staircase leading down here.
The yak gores you!
You hit the yak. You bite the yak! You drain its power.
You feel invigorated.
The yak is severely wounded.
The yak gores you but does no damage.
You hit the yak. Your bite misses the yak.
The yak is severely wounded.
You hit the yak. You bite the yak. You drain its power.
The yak is almost dead.
You hit the yak but do no damage. You bite the yak. You drain its power.
The yak is almost dead.
The yak barely misses you.
You hit the yak but do no damage. You bite the yak. You drain its power.
The yak is almost dead.
You hit the yak but do no damage. You bite the yak.
You kill the yak!
Kikubaaqudgha accepts your kill. The yak misses you.
You see here a yak corpse.
You hit the yak but do no damage. You bite the yak, but do no damage.
The yak gores you!
You completely miss the yak. You hit the yak. You bite the yak.
You drain its power.
You feel invigorated.
The yak is lightly wounded.
You hit the yak but do no damage. You bite the yak. You drain its power.
You feel invigorated.
The yak is lightly wounded.
The yak closely misses you.
You closely miss the yak. Your bite misses the yak.
The yak is lightly wounded.
You hit the yak but do no damage. You bite the yak. You drain its power.
The yak is moderately wounded.
The yak gores you.
You hit the yak. You bite the yak, but do no damage.
The yak is moderately wounded.
You hit the yak.
The yak is moderately wounded.
You hit the yak. You bite the yak! You drain its power.
The yak is heavily wounded.
The yak barely misses you.
You barely miss the yak. You bite the yak. You drain its power.
The yak is heavily wounded.
You hit the yak. You bite the yak. You drain its power.
The yak is severely wounded.
The yak closely misses you.
You hit the yak.
The yak is severely wounded.
You hit the yak.
The yak is severely wounded.
You hit the yak but do no damage. You bite the yak. You drain its power.
The yak is almost dead.
The yak gores you!
* * * LOW HITPOINT WARNING * * *
You see here a yak corpse.
You hit the yak but do no damage.
The yak is almost dead.
You hit the yak but do no damage.
The yak is almost dead.
The yak gores you.
You hit the yak. You bite the yak.
You kill the yak!
Kikubaaqudgha accepts your kill.
Things that are here:
a yak corpse; a yak corpse
There is a stone staircase leading down here.
You start resting.
HP restored.
There is a stone staircase leading down here.
You start resting.
Magic restored.
You climb downwards.
The yak gores you! The yak misses you.
There is a stone staircase leading up, spattered with blood here.
The yak closely misses you. x2
You climb upwards.
There is a stone staircase leading down here.
The yak gores you!
You hit the yak. You bite the yak. You drain its power.
You feel invigorated.
The yak is lightly wounded.
The yak gores you!
You hit the yak but do no damage. You bite the yak. You drain its power.
You feel invigorated.
The yak is lightly wounded.
You hit the yak but do no damage. You bite the yak! You drain its power.
The yak is heavily wounded.
The yak completely misses you.
You hit the yak. You bite the yak. You drain its power.
The yak is heavily wounded.
You hit the yak but do no damage. You bite the yak! You drain its power.
The yak is almost dead.
You barely miss the yak. You bite the yak.
You kill the yak!
Kikubaaqudgha accepts your kill. The yak misses you.
You see here a yak corpse.
You hit the yak. Your bite misses the yak.
The yak is lightly wounded.
You hit the yak.
The yak is lightly wounded.
The yak barely misses you.
You hit the yak but do no damage. Your bite misses the yak.
The yak is lightly wounded.
You hit the yak but do no damage.
The yak is lightly wounded.
The yak closely misses you.
You hit the yak. You bite the yak! You drain its power.
The yak is moderately wounded.
You hit the yak. You bite the yak, but do no damage.
The yak is heavily wounded.
The yak barely misses you.
You hit the yak but do no damage. Your bite misses the yak.
The yak is heavily wounded.
You hit the yak. You bite the yak. You drain its power.
The yak is severely wounded.
You hit the yak but do no damage. You bite the yak. You drain its power.
The yak is severely wounded.
The yak closely misses you.
You closely miss the yak. Your bite misses the yak.
The yak is severely wounded.
You hit the yak. You bite the yak. You drain its power.
The yak is almost dead.
The yak misses you.
You hit the yak but do no damage. You bite the yak.
You kill the yak!
Kikubaaqudgha accepts your kill.
No target in view!
There is a stone staircase leading down here.
You climb downwards.
The yak closely misses you.
There is a stone staircase leading up, spattered with blood here.
You hit the yak but do no damage. You bite the yak, but do no damage.
The yak barely misses you.
You hit the yak but do no damage. You barely miss the yak.
Your bite misses the yak. You hit the yak. You bite the yak.
You drain its power.
The yak is moderately wounded.
The yak gores you!
You hit the yak but do no damage. Your bite misses the yak.
The yak is moderately wounded.
You hit the yak but do no damage. You bite the yak. You drain its power.
You feel invigorated.
The yak is moderately wounded.
The yak closely misses you.
You hit the yak. You bite the yak, but do no damage.
The yak is moderately wounded.
You hit the yak.
The yak is moderately wounded.
You barely miss the yak. You bite the yak! You drain its power.
The yak is heavily wounded.
The yak gores you.
You barely miss the yak. You bite the yak! You drain its power.
The yak is severely wounded.
You hit the yak but do no damage. You bite the yak! You drain its power.
The yak is almost dead.
The yak completely misses you.
You closely miss the yak.
The yak is almost dead.
You hit the yak but do no damage. You bite the yak.
You kill the yak!
Kikubaaqudgha accepts your kill.
No target in view!
HP restored.
Things that are here:
a +0 hunting sling; a +0 robe; a +0 whip Done exploring.
Done exploring.
Done exploring.
Done exploring.
(D) Dungeon (T) Temple
Where to? (Enter - D:7 @ (x,y), ? - help)
You see here a +0 flail.
You see here a +0 spear.
There is an open door here.
There is a stone staircase leading down here.
You climb downwards.
Level annotation: Grum Grum hits you with a +0 spear!
Grum hits you with a +0 spear.
The wolf howls!
There is a stone staircase leading up, spattered with blood here.
The centaur shouts!
The wolf howls!
The killer bee zombie closely misses you.
The wolf barely misses you. Grum misses you.
You climb upwards.
There is a stone staircase leading down here.
Grum hits you with a +0 spear. The wolf misses you.
Grum hits you from afar with a +0 spear!
The wolf bites you.
* * * LOW HITPOINT WARNING * * *
The wolf barely misses you. The wolf bites you!
* * * LOW HITPOINT WARNING * * *
Okay, then.
The wolf barely misses you. The wolf misses you. The wolf closely misses you.
There is an open door here.
The wolf misses you.
There is a stone staircase leading down here.
The wolf misses you. The wolf bites you but does no damage.
The wolf misses you.
Grum lets out an intimidating howl.
The wolf closely misses you. The wolf closely misses you. The wolf bites you.
The wolf closely misses you. The wolf barely misses you.
There is a stone staircase leading up, spattered with blood here.
The wolf bites you. Grum closely misses you. The wolf closely misses you.
You climb upwards.
There is a stone staircase leading down here.
You hit the wolf but do no damage. Your bite misses the wolf. You hit the wolf.
The wolf is lightly wounded.
The wolf closely misses you.
You hit the wolf. Your bite misses the wolf.
The wolf is moderately wounded.
The wolf closely misses you.
You hit the wolf. Your bite misses the wolf.
The wolf is moderately wounded.
You hit the wolf. Your bite misses the wolf.
The wolf is heavily wounded.
The wolf barely misses you.
You hit the wolf. Your bite misses the wolf.
The wolf is heavily wounded.
The wolf closely misses you.
You miss the wolf.
The wolf is heavily wounded.
You hit the wolf but do no damage. Your bite misses the wolf.
The wolf is heavily wounded.
The wolf bites you.
You hit the wolf.
The wolf is heavily wounded.
The wolf completely misses you.
You hit the wolf but do no damage. Your bite misses the wolf.
The wolf is heavily wounded.
You barely miss the wolf.
The wolf is heavily wounded.
The wolf bites you!
You hit the wolf. You bite the wolf. You drain its power.
You feel invigorated.
The wolf is almost dead.
The wolf barely misses you.
You hit the wolf. Your bite misses the wolf.
The wolf is almost dead.
The wolf misses you.
You hit the wolf.
You kill the wolf!
Kikubaaqudgha accepts your kill.
No target in view!
No target in view!
You start resting.
HP restored.
You start resting.
Magic restored.
Unknown command.
You climb downwards.
Level annotation: Grum
There is a stone staircase leading up, spattered with blood here.
Grum barely misses you.
Press: ? - help, v - describe, . - travel
Here: Grum, wielding a +0 spear and wearing a +0 animal skin The floor.
Unknown command.
Grum closely misses you.
You hit Grum but do no damage. Your bite misses Grum.
Grum hits you with a +0 spear!
You hit Grum but do no damage. You bite Grum! You drain his power.
You feel invigorated.
Grum is moderately wounded.
You hit Grum.
Grum is moderately wounded.
Grum misses you.
You hit Grum but do no damage.
Grum is moderately wounded.
You hit Grum. You bite Grum. You drain his power.
Grum is moderately wounded.
You hit Grum. Your bite misses Grum.
Grum is heavily wounded.
Grum closely misses you.
You hit Grum but do no damage. You bite Grum, but do no damage.
Grum is moderately wounded.
You hit Grum. You bite Grum. You drain his power.
Grum is heavily wounded.
Grum hits you with a +0 spear.
You hit Grum but do no damage. You bite Grum, but do no damage.
Grum is heavily wounded.
You hit Grum but do no damage. You bite Grum. You drain his power.
Grum is heavily wounded.
You hit Grum but do no damage. You bite Grum, but do no damage.
Grum is heavily wounded.
Grum hits you but does no damage.
You hit Grum but do no damage. You bite Grum, but do no damage.
Grum is heavily wounded.
You hit Grum. You bite Grum. You drain his power.
Grum is severely wounded.
Grum hits you with a +0 spear!
You hit Grum. You bite Grum. You drain his power.
You feel invigorated.
Grum is severely wounded.
You hit Grum.
Grum is almost dead.
You hit Grum.
Grum is almost dead.
Grum closely misses you.
You closely miss Grum.
Grum is almost dead.
You hit Grum.
You kill Grum!
Kikubaaqudgha accepts your kill.
No target in view!
No target in view!
No target in view!
No target in view!
No target in view!
No target in view!
No target in view!
No target in view!
No target in view!
Things that are here:
a +0 spear; a +0 animal skin
(D) Dungeon (T) Temple
Where to? (Enter - D:8, ? - help) HP restored.
There is a stone staircase leading down here.
You climb downwards.
The centaur wields a +0 shortbow.
The centaur shoots an arrow.
The arrow hits you.
The centaur shoots an arrow.
The arrow hits you!
There is a stone staircase leading up, spattered with blood here.
The centaur shoots an arrow.
The arrow hits you!
The centaur shoots an arrow.
The arrow closely misses you.
You climb upwards.
There is a stone staircase leading down here.
You start resting.
HP restored.
Unknown command.
There is an open door here.
There is a stone staircase leading down here.
You climb downwards.
The wolf howls!
The centaur hits you.
The centaur kicks you but does no damage.
The centaur closely misses you. The centaur kicks you.
There is a stone staircase leading up, spattered with blood here.
Magic restored.
The centaur misses you. The centaur closely misses you. The centaur hits you.
The centaur kicks you but does no damage.
You climb upwards.
There is a stone staircase leading down here.
You hit the centaur. You bite the centaur. You drain its power.
The centaur is moderately wounded.
You hit the centaur but do no damage. You bite the centaur.
You drain its power.
The centaur is heavily wounded.
The centaur hits you. The centaur misses you.
You hit the centaur. Your bite misses the centaur.
The centaur is severely wounded.
You hit the centaur.
The centaur is severely wounded.
The centaur hits you but does no damage.
The centaur closely misses you.
You hit the centaur but do no damage. Your bite misses the centaur.
The centaur is severely wounded.
The centaur misses you. The centaur kicks you.
You hit the centaur. You bite the centaur, but do no damage.
The centaur is severely wounded.
You hit the centaur but do no damage. You bite the centaur, but do no damage.
The centaur is severely wounded.
The centaur hits you. The centaur misses you.
You hit the centaur.
The centaur is almost dead.
You hit the centaur. Your bite misses the centaur.
The centaur is almost dead.
The centaur closely misses you. x2
You hit the centaur. Your bite misses the centaur.
The centaur is almost dead.
The centaur closely misses you. The centaur kicks you.
You hit the centaur.
You kill the centaur!
Kikubaaqudgha accepts your kill.
Training target 8.0 for Short Blades reached!
Your Short Blades skill increases to level 8!
No target in view!
You start resting.
HP restored.
Unknown command.
Magic restored.
There is an open door here.
There is a stone staircase leading down here.
You climb downwards.
The centaur shoots an arrow.
The arrow completely misses you.
The centaur shoots an arrow.
The arrow barely misses you.
The centaur shoots an arrow.
The arrow closely misses you.
There is a stone staircase leading up, spattered with blood here.
The centaur shoots an arrow.
The arrow misses you.
The centaur shoots an arrow.
The arrow completely misses you.
The centaur shoots an arrow.
The arrow closely misses you.
The centaur shoots an arrow.
The arrow misses you.
The centaur shoots an arrow.
The arrow misses you.
The centaur shoots an arrow.
The arrow closely misses you.
The centaur shoots an arrow.
The arrow hits you.
The centaur shoots an arrow.
The arrow closely misses you.
The centaur shoots an arrow.
The arrow barely misses you.
The centaur shoots an arrow.
The arrow barely misses you.
The centaur shoots an arrow.
The arrow hits you!
The centaur shoots an arrow.
The arrow hits you.
The centaur shoots an arrow.
The arrow misses you.
The centaur shoots an arrow.
The arrow closely misses you.
The yak bellows!
You climb upwards.
There is a stone staircase leading down here.
You climb downwards.
The centaur shoots an arrow.
The arrow completely misses you. The yak gores you but does no damage.
The centaur shoots an arrow.
The arrow hits you. The yak gores you!
There is a stone staircase leading up, spattered with blood here.
The centaur shoots an arrow.
The arrow hits you but does no damage. The yak gores you!
The centaur shoots an arrow.
The arrow hits you.
* * * LOW HITPOINT WARNING * * *
You climb upwards.
There is a stone staircase leading down here.
You barely miss the yak. You bite the yak! You drain its power.
You feel invigorated.
The yak is moderately wounded.
You closely miss the yak. You bite the yak. You drain its power.
The yak is moderately wounded.
The yak closely misses you.
You hit the yak but do no damage. You bite the yak! You drain its power.
The yak is heavily wounded.
You hit the yak but do no damage. You bite the yak, but do no damage.
The yak is heavily wounded.
You hit the yak. You bite the yak! You drain its power.
The yak is severely wounded.
The yak barely misses you.
You hit the yak.
The yak is almost dead.
You hit the yak. Your bite misses the yak.
The yak is almost dead.
The yak misses you.
You hit the yak but do no damage.
The yak is almost dead.
You barely miss the yak. You bite the yak. You drain its power.
The yak is almost dead.
You hit the yak but do no damage. Your bite misses the yak.
The yak is almost dead.
The yak gores you.
You hit the yak but do no damage. You bite the yak.
You kill the yak!
Kikubaaqudgha accepts your kill.
You can now receive cadavers from Kikubaaqudgha.
Kikubaaqudgha grants you a gift!
You add the spells Pain, Sublimation of Blood, Corpse Rot and Vampiric Draining to your library.
Your Necromancy skill increases to level 3!
There is a stone staircase leading down here.
This spell is dangerous to cast!
Memorise Corpse Rot, consuming 2 spell levels and leaving 7?
You start memorising the spell.
You continue memorising. x2
You finish memorising.
Spell assigned to 'a'.
Okay, then.
HP restored.
Things that are here:
15 arrows; a +0 shortbow
(D) Dungeon (T) Temple
Where to? (Enter - D:7 @ (x,y), ? - help)
There is a stone staircase leading down here.
You climb downwards.
There is a stone staircase leading up, spattered with blood here.
q - 4 throwing nets (gained 2)
Things that are here:
a +0 chain mail; a +0 hand axe A killer bee zombie is nearby!
Found 20 stones.
You open the door.
Gastronok the Ponderous comes into view.
He is wearing a +0 hat of stealth.
There is an open door here.
Gastronok is nearby!
Gastronok is nearby!
Gastronok gurgles horribly!
Okay, then.
Gastronok waves his eye-stalks in wide circles.
The air twists around and strikes you!!
Gastronok waves his eye-stalks in wide circles.
The air twists around and strikes you!!
* * * LOW HITPOINT WARNING * * *
There is an open door here.
There is a stone staircase leading up, spattered with blood here.
You catch the helpless killer bee zombie completely off-guard!
You skewer the killer bee zombie like a kebab!!!
You destroy the killer bee zombie!
Kikubaaqudgha accepts your kill.
Okay, then.
Gastronok casts a spell at you.
You feel yourself slow down.
Throw: 5 darts (atropa)
Press: ? - help, Q - select action, (/) - cycle Shift-Dir - straight line, f - Gastronok
Aim: Gastronok, wearing a +0 hat of stealth (94% to hit, chance to blind on hit: 0%)
You throw an atropa-tipped dart. The atropa-tipped dart hits Gastronok.
Gastronok resists.
Gastronok waves his eye-stalks in wide circles.
The air twists around and strikes you!!
Gastronok sloshes about.
Gastronok chants a spell, wobbling all the while.
Gastronok puts on a burst of speed!
There is a stone staircase leading up, spattered with blood here.
You climb upwards.
There is a stone staircase leading down here.
You start resting.
HP restored.
You start resting.
You feel yourself speed up.
Unknown command.
You start resting.
Magic restored.
You climb downwards.
Level annotation: Gastronok
There is a stone staircase leading up, spattered with blood here.
Unknown command.
Throw: 4 darts (atropa)
Press: ? - help, Q - select action, (/) - cycle Shift-Dir - straight line, f - Gastronok
Aim: Gastronok, wearing a +0 hat of stealth (94% to hit, chance to blind on hit: 0%)
You throw an atropa-tipped dart. The atropa-tipped dart hits Gastronok.
Gastronok resists.
Throw: 3 darts (atropa)
Press: ? - help, Q - select action, (/) - cycle Shift-Dir - straight line, f/p - Gastronok
Aim: Gastronok, wearing a +0 hat of stealth (94% to hit, chance to blind on hit: 0%)
You throw an atropa-tipped dart. The atropa-tipped dart hits Gastronok.
Gastronok resists.
Unknown command.
Aiming: Polymorph
Press: ? - help, Shift-Dir - straight line, f/p - Gastronok
Aim: Gastronok, wearing a +0 hat of stealth (will become an iron giant, a juggernaut, or a fenstrider witch, chance to affect: 6%)
Okay, then.
Aiming: Mindburst
Press: ? - help, Shift-Dir - straight line, f/p - Gastronok
Aim: Gastronok, wearing a +0 hat of stealth (chance to affect: 16%)
Okay, then.
Unknown command.
Unknown command.
Unknown command.
Unknown command.
Unknown command.
Unknown command.
Throw: 34 darts (poison)
Press: ? - help, Q - select action, (/) - cycle Shift-Dir - straight line, f/p - Gastronok
Aim: Gastronok, wearing a +0 hat of stealth (94% to hit)
You throw a poisoned dart. The poisoned dart hits Gastronok.
Gastronok is poisoned.
Throw: 33 darts (poison)
Press: ? - help, Q - select action, (/) - cycle Shift-Dir - straight line, f/p - Gastronok
Aim: Gastronok, wearing a +0 hat of stealth (lightly wounded, poisoned, 94% to hit)
You throw a poisoned dart. The poisoned dart hits Gastronok.
Gastronok is lightly wounded.
Throw: 32 darts (poison)
Press: ? - help, Q - select action, (/) - cycle Shift-Dir - straight line, f/p - Gastronok
Aim: Gastronok, wearing a +0 hat of stealth (lightly wounded, poisoned, 94% to hit)
You throw a poisoned dart. The poisoned dart hits Gastronok.
Gastronok is lightly wounded.
Throw: 31 darts (poison)
Press: ? - help, Q - select action, (/) - cycle Shift-Dir - straight line, f/p - Gastronok
Aim: Gastronok, wearing a +0 hat of stealth (lightly wounded, poisoned, 94% to hit)
You throw a poisoned dart.
The poisoned dart barely misses Gastronok.
Throw: 30 darts (poison)
Press: ? - help, Q - select action, (/) - cycle Shift-Dir - straight line, f/p - Gastronok
Aim: Gastronok, wearing a +0 hat of stealth (lightly wounded, poisoned, 94% to hit)
You throw a poisoned dart. The poisoned dart hits Gastronok.
Gastronok looks even sicker.
Gastronok is lightly wounded.
Throw: 29 darts (poison)
Press: ? - help, Q - select action, (/) - cycle Shift-Dir - straight line, f/p - Gastronok
Aim: Gastronok, wearing a +0 hat of stealth (lightly wounded, very poisoned, 94% to hit)
You throw a poisoned dart. The poisoned dart hits Gastronok.
Gastronok looks even sicker.
Gastronok is lightly wounded.
Gastronok chants a spell, wobbling all the while.
Gastronok puts on a burst of speed!
Throw: 28 darts (poison)
Press: ? - help, Q - select action, (/) - cycle Shift-Dir - straight line, f/p - Gastronok
Aim: Gastronok, wearing a +0 hat of stealth (lightly wounded, covering ground quickly, very poisoned, 94% to hit)
You throw a poisoned dart. The poisoned dart hits Gastronok.
Gastronok is lightly wounded.
Throw: 27 darts (poison)
Press: ? - help, Q - select action, (/) - cycle Shift-Dir - straight line, f/p - Gastronok
Aim: Gastronok, wearing a +0 hat of stealth (lightly wounded, covering ground quickly, very poisoned, 94% to hit)
You throw a poisoned dart. The poisoned dart hits Gastronok.
Gastronok looks as sick as possible!
Gastronok is lightly wounded.
Throw: 26 darts (poison)
Press: ? - help, Q - select action, (/) - cycle Shift-Dir - straight line, f/p - Gastronok
Aim: Gastronok, wearing a +0 hat of stealth (lightly wounded, covering ground quickly, extremely poisoned, 94% to hit)
You throw a poisoned dart. The poisoned dart hits Gastronok.
Gastronok looks as sick as possible!
Gastronok is lightly wounded.
You hit Gastronok. You bite Gastronok.
Gastronok's magic leaks into the air.
You drain his magic.
Gastronok is lightly wounded.
Gastronok gurgles.
Gastronok bites you!
There is a stone staircase leading up, spattered with blood here.
Throw: 25 darts (poison)
Press: ? - help, Q - select action, (/) - cycle Shift-Dir - straight line, f/p - Gastronok
Aim: Gastronok, wearing a +0 hat of stealth (lightly wounded, covering ground quickly, very poisoned, 94% to hit)
You throw a poisoned dart. The poisoned dart hits Gastronok.
Gastronok is lightly wounded.
Gastronok falters for a moment.
Throw: 24 darts (poison)
Press: ? - help, Q - select action, (/) - cycle Shift-Dir - straight line, f/p - Gastronok
Aim: Gastronok, wearing a +0 hat of stealth (lightly wounded, covering ground quickly, very poisoned, 94% to hit)
You throw a poisoned dart. The poisoned dart hits Gastronok.
Gastronok is lightly wounded.
Throw: 23 darts (poison)
Press: ? - help, Q - select action, (/) - cycle Shift-Dir - straight line, f/p - Gastronok
Aim: Gastronok, wearing a +0 hat of stealth (lightly wounded, covering ground quickly, very poisoned, 94% to hit)
You throw a poisoned dart. The poisoned dart hits Gastronok.
Gastronok looks as sick as possible!
Gastronok is lightly wounded.
You hit Gastronok. You bite Gastronok.
Gastronok's magic leaks into the air.
You drain his magic.
You feel invigorated.
Gastronok is moderately wounded.
Okay, then.
Okay, then.
Press: ? - help, v - describe, . - travel
Here: Gastronok, wearing a +0 hat of stealth (moderately wounded, covering ground quickly, extremely poisoned)
The floor.
Unknown command.
Unknown command.
Okay, then.
You feel yourself speed up. Gastronok bites you!
You hit Gastronok. You bite Gastronok, but do no damage.
Gastronok is moderately wounded.
You hit Gastronok. You bite Gastronok!
Gastronok's magic leaks into the air.
You drain his magic.
You feel invigorated.
Gastronok is moderately wounded.
You hit Gastronok but do no damage. You bite Gastronok!
Gastronok's magic leaks into the air.
You drain his magic.
Gastronok is moderately wounded.
You barely miss Gastronok. You bite Gastronok.
Gastronok's magic leaks into the air.
You drain his magic.
Gastronok is heavily wounded.
You hit Gastronok but do no damage. You bite Gastronok.
Gastronok's magic leaks into the air.
You drain his magic.
Gastronok is heavily wounded.
You hit Gastronok. You bite Gastronok!
Gastronok's magic leaks into the air.
You drain his magic.
Gastronok is heavily wounded.
You barely miss Gastronok. You bite Gastronok.
Gastronok's magic leaks into the air.
You drain his magic.
Gastronok is heavily wounded.
Gastronok bites you!!
Ouch! That really hurt!
* * * LOW HITPOINT WARNING * * *
You hit Gastronok. You bite Gastronok!
Gastronok's magic leaks into the air.
You drain his magic.
You feel invigorated.
Gastronok is severely wounded.
You hit Gastronok but do no damage. You bite Gastronok.
Gastronok's magic leaks into the air.
You drain his magic.
You feel invigorated.
Gastronok is severely wounded.
You hit Gastronok. You bite Gastronok, but do no damage.
Gastronok is severely wounded.
You hit Gastronok but do no damage.
Gastronok is severely wounded.
You hit Gastronok but do no damage.
Gastronok is severely wounded.
You hit Gastronok but do no damage. You bite Gastronok, but do no damage.
Gastronok is severely wounded.
You hit Gastronok. You bite Gastronok!
Gastronok's magic leaks into the air.
You drain his magic.
Gastronok is severely wounded.
You hit Gastronok. You bite Gastronok.
Gastronok's magic leaks into the air.
You drain his magic.
Gastronok is almost dead.
You hit Gastronok. You bite Gastronok.
Gastronok's magic leaks into the air.
You drain his magic.
Gastronok is almost dead.
Gastronok barely misses you.
You hit Gastronok. You bite Gastronok.
Gastronok's magic leaks into the air.
You drain his magic.
Gastronok is almost dead.
You hit Gastronok but do no damage.
Gastronok is almost dead.
You hit Gastronok but do no damage. You bite Gastronok!
Gastronok's magic leaks into the air.
You drain his magic.
Gastronok is almost dead.
You hit Gastronok. You bite Gastronok.
Gastronok's magic leaks into the air.
You drain his magic.
Gastronok is almost dead.
You hit Gastronok but do no damage.
Gastronok is almost dead.
You hit Gastronok but do no damage.
Gastronok is almost dead.
Gastronok bites you!!!
* * * LOW MAGIC WARNING * * *
You die...
Kikubaaqudgha rasps: "You have failed me!
Welcome... death!"

#.(..###########
#.(..#
########.(..#
.........(..#
.........(..+
#####.####.(..#
...##.####.(..#
.........#.w..#
...........@..#
..........[####
...........#
..................
..................
...........###..#.
..........## ##
..........#
...######.#


You could see Gastronok (swift, very poisoned).

Vanquished Creatures
  Harold (D:8)
  Pikel (D:5)
  A centaur zombie (D:6)
  Grinder (D:5)
  Prince Ribbit (D:5)
  6 yaks
  A steam dragon (D:6)
  Grum (D:7)
  Eustachio (D:5)
  2 water moccasins
  A black bear (D:6)
  2 sky beasts
  An ice beast (D:5)
  A wolf (D:6)
  4 ogres
  4 centaurs
  2 lemures (D:5)
  A phantom (D:4)
  A bullfrog (D:6)
  Blork the orc (D:4)
  2 scorpions
  2 hounds
  5 jellies
  A bullfrog skeleton (D:4)
  2 orc priests (D:4)
  2 gnoll shamans
  2 iguanas
  2 orc wizards (D:7)
  A killer bee zombie (D:8)
  13 adders
  18 gnolls
  A white imp (D:5)
  3 ufetubi
  An adder skeleton (D:5)
  3 worms
  6 orcs
  7 ball pythons
  4 bats
  6 endoplasms
  5 giant cockroaches
  6 hobgoblins
  10 jackals
  4 kobolds
  2 quokkas
  3 frilled lizards
  16 goblins
  4 rats
165 creatures vanquished.

Notes
Turn   | Place    | Note
-------+----------+-------------------------------------------
     0 | D:5      | sleeves the Vine Stalker Delver began the quest for the
                  | Orb.
     0 | D:5      | Reached XP level 1. HP: 11/11 MP: 2/2
    11 | D:5      | Found a burning altar of Makhleb.
    20 | D:4      | Noticed an iguana
    43 | D:5      | Found a glowing drain.
    48 | D:4      | Noticed a phantom
   144 | D:4      | Killed an iguana
   145 | D:4      | Reached skill level 2 in Short Blades
   145 | D:4      | Reached XP level 2. HP: 16/16 MP: 3/3
   145 | D:4      | Reached XP level 3. HP: 19/19 MP: 4/4
   312 | D:1      | Found a faded altar of an unknown god.
   471 | D:1      | HP: 9/19 [jackal (1)]
  1062 | D:2      | HP: 9/19 [goblin (2)]
  1067 | D:2      | Gained mutation: Your natural rate of healing is unusually
                  | fast. [Vine Stalker growth]
  1067 | D:2      | Reached XP level 4. HP: 10/23 MP: 2/5
  1069 | D:2      | Reached skill level 3 in Short Blades
  1131 | D:2      | Reached skill level 7 in Stealth
  1587 | D:2      | Reached XP level 5. HP: 27/27 MP: 6/6
  2044 | D:3      | Noticed an ogre
  2064 | D:3      | Killed an ogre
  2065 | D:3      | Reached skill level 4 in Short Blades
  2065 | D:3      | Reached skill level 8 in Stealth
  2065 | D:3      | Reached XP level 6. HP: 32/32 MP: 7/7
  2094 | D:3      | Found a sacrificial altar of Ru.
  2525 | D:4      | HP: 15/32 [jelly (3)]
  2656 | D:4      | Noticed a steam dragon
  2657 | D:4      | Found a transporter.
  2660 | D:4      | Noticed hgbash's ghost (weakling GrEE)
  2801 | D:4      | Found a transporter.
  2850 | D:4      | Noticed Blork the orc
  2853 | D:4      | Killed Blork the orc
  2854 | D:4      | Reached skill level 9 in Stealth
  2854 | D:4      | Reached XP level 7. HP: 35/35 MP: 8/8
  2954 | D:4      | Reached skill level 5 in Short Blades
  3180 | D:4      | HP: 11/35 [ogre (24)]
  3214 | D:4      | Reached skill level 3 in Fighting
  3214 | D:4      | Reached skill level 2 in Dodging
  3400 | D:5      | Gained mutation: You have razor-sharp teeth. [Vine Stalker
                  | growth]
  3400 | D:5      | Reached XP level 8. HP: 40/40 MP: 9/9
  3401 | D:5      | Noticed Prince Ribbit
  3428 | D:5      | HP: 18/40 [Prince Ribbit (12)]
  3429 | D:5      | Killed Prince Ribbit
  3494 | D:5      | Reached skill level 3 in Dodging
  3494 | D:5      | Reached skill level 10 in Stealth
  3514 | D:5      | Reached skill level 4 in Fighting
  3606 | D:5      | HP: 21/42 [centaur/arrow (9)]
  3608 | D:5      | HP: 10/42 [centaur (2)]
  3613 | D:5      | HP: 8/42 [centaur (1)]
  3615 | D:5      | Reached skill level 6 in Short Blades
  3692 | D:5      | Found a staircase to the Ecumenical Temple.
  3718 | Temple   | Entered the Ecumenical Temple
  3920 | Temple   | Became a worshipper of Kikubaaqudgha
  3980 | D:5      | Noticed Pikel
  4054 | D:5      | HP: 16/42 [Pikel (13)]
  4086 | D:5      | HP: 16/42 [Pikel (14)]
  4169 | D:5      | HP: 11/42 [Pikel (15)]
  4202 | D:5      | Killed Pikel
  4203 | D:5      | Reached XP level 9. HP: 46/46 MP: 5/10
  4429 | D:5      | Noticed Eustachio
  4533 | D:5      | Killed Eustachio
  4534 | D:5      | Reached skill level 4 in Dodging
  4859 | D:5      | Noticed Grinder
  4877 | D:5      | Killed Grinder
  4878 | D:5      | Reached skill level 5 in Fighting
  4878 | D:5      | Reached skill level 11 in Stealth
  5266 | D:6      | Reached skill level 7 in Short Blades
  6113 | D:7      | Reached skill level 5 in Dodging
  6150 | D:7      | Found a glowing golden altar of the Shining One.
  6248 | D:7      | Reached skill level 6 in Fighting
  6248 | D:7      | Reached XP level 10. HP: 53/53 MP: 11/11
  6744 | D:7      | Reached skill level 1 in Necromancy
  6827 | D:7      | Found a shimmering altar of Xom.
  6961 | D:8      | Noticed Harold
  6961 | D:8      | Noticed Grum
  6962 | D:8      | Killed Harold
  6963 | D:8      | Reached skill level 12 in Stealth
  6963 | D:8      | Reached skill level 2 in Necromancy
  7037 | D:6      | HP: 22/53 [yak (10)]
  7171 | D:7      | HP: 26/53 [wolf[Grum] (5)]
  7254 | D:7      | Killed Grum
  7320 | D:7      | Reached skill level 8 in Short Blades
  7358 | D:8      | HP: 26/53 [centaur/arrow (5)]
  7371 | D:7      | Reached * piety under Kikubaaqudgha
  7371 | D:7      | Received a gift from Kikubaaqudgha
  7372 | D:7      | Reached skill level 3 in Necromancy
  7377 | D:7      | Learned a level 2 spell: Corpse Rot
  7424 | D:8      | Noticed Gastronok
  7430 | D:8      | HP: 21/53 [Gastronok/the air (15)]
  7532 | D:8      | HP: 13/53 [Gastronok (27)]
  7547 | D:8      | Mangled by Gastronok

Illustrated notes

Levels and vault maps discovered:
D:1:      nzn_arrival_water_spiral, layout_rooms,
          hellmonk_ecumenical_altar_heavens_door, minmay_pentomino_v2
D:2:      minmay_evil_eye, layout_basic, dk_noncrumbling_3, fountainhead
D:3:      layout_basic, lemuel_round_altar, minmay_ogre_servants
D:4:      gammafunk_ghost_arena, layout_basic,
          eino_small_chamber_without_monster, kennysheep_generic_room_7,
          uniq_blork_the_orc
D:5:      layout_loops_ring, lemuel_crystal_altar, minmay_temple_entry_waves,
          gup_sewer_entry_glass, minmay_misc_feat_rugged, uniq_prince_ribbit1,
          uniq_eustachio, uniq_grinder, uniq_pikel
D:6:      layout_basic, patterned_corridor
D:7:      layout_gridville, dk_xom_monty_hall, mainiacjoe_overflow_24_doors
D:8:      layout_rooms, serial_glass, glass_columns_a, glass_columns_a,
          glass_columns_a, glass_columns_b, glass_columns_a, glass_columns_b,
          feat_on_display, item_on_display_a, nrook_uturn, minmay_misc_feat_iff,
          hellmonk_guarded_unrand_vitality_bloodlust, uniq_gastronok,
          uniq_harold, uniq_grum
Temple:   regret_index_temple_generic_petals

Skill      XL: |  1  2  3  4  5  6  7  8  9 10 |
---------------+-------------------------------+-----
Short Blades   | 2 3 4 5 6 7 8 |  8.0
Stealth        | 7 8 9 10 11 12 | 12.4
Fighting       | 3 4 6 |  6.7
Dodging        | 2 3 5 |  5.8
Necromancy     | 3 |  3.0

Action                   |  1- 3 |  4- 6 |  7- 9 | 10-12 || total
-------------------------+-------+-------+-------+-------++-------
Melee: Short sword       |    76 |     2 |       |       ||    78
       Pseudopods        |    20 |    43 |   101 |   103 ||   267
       Dagger            |       |   117 |   240 |   190 ||   547
Throw: Dart              |       |     5 |    45 |    15 ||    65
Evoke: Wand              |       |       |       |     1 ||     1
  Use: Potion            |       |       |       |     1 ||     1
 Stab: Sleeping          |    10 |    13 |    18 |     5 ||    46
       Distracted        |       |       |       |     1 ||     1
Armor: Leather armour    |    12 |    17 |    16 |       ||    45
       Robe              |       |       |    25 |       ||    25
       Steam dragon scal |       |       |    10 |    18 ||    28
Dodge: Dodged            |    40 |    49 |   197 |   105 ||   391

Table legend: (Time is in decaauts)
 A = Elapsed time spent in this place.
 B = Non-inter-level travel time spent in this place.
 C = Inter-level travel time spent in this place.
 D = Time resting spent in this place.
 E = Time spent auto-exploring this place.
 F = Levels seen in this place.
 G = Mean time per level.
                   A        B        C        D        E       F      G
               +--------+--------+--------+--------+--------+-----+--------+
         Total |   7372 |   6857 |    515 |    130 |   4631 |   9 |  819.1 |
       Dungeon |   7134 |   6672 |    462 |    130 |   4453 |   8 |  891.8 |
        Temple |    238 |    185 |     53 |      0 |    178 |   1 |  238.0 |
               +--------+--------+--------+--------+--------+-----+--------+

Top non-repeatable levels by time:
     D:5: 1524 daAuts
     D:7: 1173 daAuts
     D:4: 1015 daAuts
     D:6: 1002 daAuts
     D:3: 924 daAuts
     D:1: 687 daAuts
     D:2: 681 daAuts
  Temple: 238 daAuts
     D:8: 125 daAuts
